 Dungeon Crawl Stone Soup version 0.30-a0-824-g6c64550be9 (webtiles) character file.

Game seed: 13121318308280017497

26 Ghostmaker01 the Vexing (level 3, 0/28 HPs)
             Began as a Gnoll Hexslinger on Feb 27, 2023.
             Slain by Natasha (2 damage)
             ... on level 2 of the Dungeon.
             The game lasted 00:04:29 (1400 turns).

Ghostmaker01 the Vexing (Gnoll Hexslinger)          Turns: 1400, Time: 00:04:30

Health: 0/28       AC:  3    Str:  9    XL:     3   Next: 8%
Magic:  7/7        EV: 18    Int: 12    God:
Gold:   57         SH:  3    Dex: 14    Spells: 6/7 levels left

rFire   x . .      SeeInvis .    a - +1 sling
rCold   + . .      Faith    .    i - +0 buckler
rNeg    . . .      Spirit   .    c - +0 robe
rPois   .          Reflect  .    (no helmet)
rElec   .          Harm     .    (no cloak)
rCorr   .          Rampage  .    (no gloves)
Will    .....                    k - +0 pair of boots
Stlth   ++                       (no amulet)
HPRegen 0.24/turn                l - +5 ring of evasion
MPRegen 0.10/turn                n - ring of ice

@: slowed, very slow
A: fangs 1, strong nose, distributed training
a: no special abilities


You were on level 2 of the Dungeon.
You visited 1 branch of the dungeon, and saw 2 of its levels.

You collected 57 gold pieces.

Inventory:

Hand Weapons
 a - a +1 sling (weapon)
Missiles
 d - 9 poisoned darts
Armour
 c - a +0 robe (worn)
 i - a +0 buckler (worn)
 j - a +0 leather armour
 k - a +0 pair of boots (worn)
Jewellery
 l - a +5 ring of evasion (left hand)
 n - a ring of ice (right hand)
Scrolls
 b - a scroll of poison
 e - a scroll of noise {unknown}
Potions
 f - a potion of degeneration {unknown}
 g - a potion of magic {unknown}
 h - a potion of curing {unknown}
 m - 2 potions of attraction
 o - a potion of might {unknown}


   Skills:
 + Level 2.5 Fighting
 + Level 0.6 Short Blades
 + Level 0.6 Long Blades
 + Level 0.6 Axes
 + Level 0.6 Maces & Flails
 + Level 0.6 Polearms
 + Level 0.6 Staves
 + Level 4.5 Ranged Weapons
 + Level 0.6 Throwing
 + Level 0.6 Armour
 + Level 4.5 Dodging
 + Level 0.6 Stealth
 + Level 0.6 Shields
 + Level 0.6 Unarmed Combat
 + Level 2.8 Spellcasting
 + Level 0.4 Conjurations
 + Level 5.4 Hexes
 + Level 0.4 Summonings
 + Level 0.4 Necromancy
 + Level 0.4 Translocations
 + Level 0.4 Transmutations
 + Level 0.4 Fire Magic
 + Level 0.4 Ice Magic
 + Level 0.4 Air Magic
 + Level 0.4 Earth Magic
 + Level 0.4 Poison Magic
 + Level 0.8 Invocations
 + Level 0.6 Evocations


You had 6 spell levels left.
You knew the following spells:

 Your Spells              Type           Power      Damage    Failure   Level
a - Slow                  Hex            56%        N/A       3%          1

Your spell library contained the following spells:

 Spells                   Type           Power      Damage    Failure   Level
 Inner Flame              Hex/Fire       8%         N/A       30%         3
 Portal Projectile        Hex/Tloc       16%        N/A       30%         3
 Cause Fear               Hex            7%         N/A       36%         4


Dungeon Overview and Level Annotations

Branches:
Dungeon (2/15)

Altars:

Annotations:
D:2 Natasha


Innate Abilities, Weirdness & Mutations

You have very sharp teeth.
Your uncanny sense of smell can sniff out nearby items.
Your experience applies equally to all skills.


Message History

Natasha casts a spell.
The white imp misses you. Natasha barely misses you.
The white imp hits you but does no damage.
Unknown command.
Fire: a) +1 sling
Press: ? - help, Q - select action, (/) - cycle Shift-Dir - straight line, f/p - Natasha
Aim: Natasha (severely wounded, 53% to hit)
You shoot a sling bullet.
The sling bullet closely misses Natasha.
Natasha misses you. The white imp gestures at you. You block the puff of frost.
The shadow imp closely misses you. Natasha misses you.
The white imp completely misses you.
Unknown command.
Fire: a) +1 sling
Press: ? - help, Q - select action, (/) - cycle Shift-Dir - straight line, f/p - Natasha
Aim: Natasha (severely wounded, 53% to hit)
You shoot a sling bullet. The sling bullet misses Natasha.
The shadow imp gestures at you. Pain shoots through your body!
Natasha wildly gestures.
Natasha shimmers violently.
You block Natasha's attack. The white imp closely misses you.
The shadow imp completely misses you. Natasha casts a spell at you.
You feel as though you will be slow longer.
The white imp closely misses you.
Unknown command.
Fire: a) +1 sling
Press: ? - help, Q - select action, (/) - cycle Shift-Dir - straight line, f/p - Natasha
Aim: Natasha (severely wounded, 53% to hit)
You shoot a sling bullet.
The sling bullet closely misses Natasha.
The shadow imp completely misses you. Natasha barely misses you.
The white imp completely misses you. The shadow imp gestures at you.
Pain shoots through your body!
* * * LOW HITPOINT WARNING * * *
Natasha claws you.
You die...

,*,,,* *,,,,,,,,,,* ,***,*
*,,,,,∆,,,,****** ,* *,****
*,,∆,,,,,,,**,,,**
,***,,,,***,,,,,,,,,∆*,,,,,**
,,,****,,>,*,********,,,,,,,*
**,,* ***#.#,* *,,,,,,,* **,*
#...########...,,,,* *,**
*#....5.5†.....,.,**
###,,***###....h@#***,,...,,*
....,,,,.....###.####.....,,*
####**,,..................,,*
**,...##.###.####....,**
##...*#.# #.# **,,.**
#######..#.##.# #.# *****
.........#.##.# #.# #######
######...†..#.# #.# #.)...#
## #....#...#.###.######
#.....#


You could see Natasha, a white imp (summoned) and a shadow imp (summoned).

Vanquished Creatures
  2 ball pythons
  4 endoplasms
  2 giant cockroaches (D:1)
  2 goblins
  A hobgoblin (D:1)
  3 quokkas (D:1)
  5 bats
  A frilled lizard (D:2)
  A kobold (D:1)
  A rat (D:1)
22 creatures vanquished.

Notes
Turn   | Place    | Note
-------+----------+-------------------------------------------
     0 | D:1      | Ghostmaker01 the Gnoll Hexslinger began the quest for the
                  | Orb.
     0 | D:1      | Reached XP level 1. HP: 17/17 MP: 4/4
   215 | D:1      | Reached XP level 2. HP: 20/23 MP: 5/5
  1241 | D:2      | Reached XP level 3. HP: 28/28 MP: 5/7
  1379 | D:2      | Noticed Natasha
  1400 | D:2      | Slain by Natasha

Illustrated notes

Levels and vault maps discovered:
D:1:      psy_arrival_radial01, layout_basic
D:2:      minmay_angry_zag, layout_rooms, serial_park_tiny_1, uniq_robin,
          uniq_natasha

Action                     || total
---------------------------++-------
   Fire: Sling             ||    78
   Cast: Slow              ||    19
    Use: Scroll            ||     3
 Armour: Robe              ||     2
  Dodge: Dodged            ||    34
  Block: Buckler           ||     6

Table legend: (Time is in decaauts)
 A = Elapsed time spent in this place.
 B = Non-inter-level travel time spent in this place.
 C = Inter-level travel time spent in this place.
 D = Time resting spent in this place.
 E = Time spent auto-exploring this place.
 F = Levels seen in this place.
 G = Mean time per level.
                   A        B        C        D        E       F      G
               +--------+--------+--------+--------+--------+-----+--------+
         Total |   1421 |   1352 |     69 |      0 |   1073 |   2 |  710.5 |
       Dungeon |   1421 |   1352 |     69 |      0 |   1073 |   2 |  710.5 |
               +--------+--------+--------+--------+--------+-----+--------+

Top non-repeatable levels by time:
     D:1: 1160 daAuts
     D:2: 261 daAuts
